 Dungeon Crawl Stone Soup version 0.28-a0-1002-gf00fe891ef (webtiles) character file.

Game seed: 4206308332598147884

28 vineage the Skirmisher (level 3, -1/24 HPs)
             Began as a Gargoyle Fighter on Dec 6, 2021.
             Slain by Sigmund (8 damage)
             ... on level 2 of the Dungeon.
             The game lasted 00:00:54 (1499 turns).

vineage the Skirmisher (Gargoyle Fighter)           Turns: 1499, Time: 00:00:56

Health: -1/24      AC: 10    Str: 19    XL:     3   Next: 14%
Magic:  3/3        EV:  9    Int:  8    God:
Gold:   79         SH:  4    Dex: 11    Spells: 2/2 levels left

rFire   . . .      SeeInvis .   a - +0 flail
rCold   . . .      Faith    .   c - +0 buckler
rNeg    + . .      Spirit   .   b - +0 scale mail
rPois   ∞          Reflect  .   (no helmet)
rElec   +          Harm     .   (no cloak)
rCorr   .          Rampage  .   (no gloves)
Will    .....                   (no boots)
Stlth   ..........              (no amulet)
HPRegen 0.08/turn               (no ring)
MPRegen 0.08/turn               (no ring)

@: mighty
A: sickness immunity, AC +3, negative energy resistance 1, electricity
resistance, torment resistance 1, petrification resistance
a: no special abilities


You were on level 2 of the Dungeon.
You visited 1 branch of the dungeon, and saw 2 of its levels.

You collected 79 gold pieces.

Inventory:

Hand Weapons
 a - a +0 flail (weapon)
Armour
 b - a +0 scale mail (worn)
 c - a +0 buckler (worn)
Jewellery
 g - an amulet of regeneration
Potions
 d - a potion of might
 e - a potion of flight {unknown}
 f - a potion of berserk rage {unknown}
 h - a potion of degeneration {unknown}


   Skills:
 + Level 4.6 Fighting
 - Level 2.0 Maces & Flails
 - Level 3.2 Armour
 - Level 3.2 Shields


You had 2 spell levels left.
You didn't know any spells.
Your spell library was empty.

Dungeon Overview and Level Annotations

Branches:
Dungeon (2/15)

Altars:

Annotations:
D:2 Sigmund


Innate Abilities, Weirdness & Mutations

You are immune to sickness and miasma.
Your stone body is resilient. (AC +3)
You are immune to poison.
You resist negative energy. (rN+)
You are resistant to electric shocks. (rElec)
You are resistant to unholy torment.
You are immune to petrification.


Message History

You hit the bat.
The bat is heavily wounded.
The bat barely misses you. The bat hits you but does no damage.
You sock the bat!
You kill the bat!
No target in view!
No target in view!
No target in view!
No target in view!
No target in view!
No target in view!
No target in view!
No target in view!
No target in view!
No target in view!
No target in view!
h - a metallic ruby potion You see here a bat corpse.
Found 19 arrows.
Sigmund the Dreaded comes into view.
He is wielding a +0 scythe and carrying a wand of digging (3).
Sigmund shouts!
You feel very mighty all of a sudden.
Sigmund laughs darkly.
Sigmund gestures wildly while chanting.
Sigmund flickers and vanishes!
Deactivating autopickup; reactivate with Ctrl-A.
No target in view!
Something hits you but does no damage.
You sock something! Something hits you!
You thump something!
You hear some strange, mumbled words.
Something tries to affect you, but you resist.
You miss something. You miss something.
You hear some strange, mumbled words.
A puff of flame appears from out of thin air!
The puff of flame hits you!
* * * LOW HITPOINT WARNING * * *
Something hits you!
You die...

..# #(# #.#.# #.#
#.#.# #$# #.#.#
##.##
###.#.#######...##
<............$...###
###.#.## #...@{.#
###.#.# ##...##.##
..#.#.# #.#.###.#
#.....# #.#.....
#.#.#.########.#..##
#>...........†....#
#.##.##.########...#
#......... ...##
..##....### .#


There were no monsters in sight!

Vanquished Creatures
  A gnoll (D:1)
  An endoplasm (D:1)
  5 goblins (D:1)
  2 hobgoblins (D:1)
  2 bats
  2 frilled lizards (D:1)
  2 kobolds (D:1)
  3 rats (D:1)
18 creatures vanquished.

Notes
Turn   | Place    | Note
-------+----------+-------------------------------------------
     0 | D:1      | vineage the Gargoyle Fighter began the quest for the Orb.
     0 | D:1      | Reached XP level 1. HP: 14/14 MP: 1/1
    77 | D:1      | Reached skill level 4 in Fighting
    77 | D:1      | Reached XP level 2. HP: 3/20 MP: 2/2
   972 | D:1      | Reached XP level 3. HP: 10/24 MP: 3/3
  1492 | D:2      | Noticed Sigmund
  1499 | D:2      | Slain by Sigmund

Illustrated notes

Levels and vault maps discovered:
D:1:      zelgadis_glass_arrival_large, layout_basic, minmay_misc_feat_pillars,
          minmay_tetromino_t4
D:2:      layout_loops_ring, minivault_11, kennysheep_generic_room_6,
          uniq_sigmund

Skill      XL: |  1 |
---------------+----+-----
Fighting       | 4 |  4.6
Maces & Flails | |  2.0
Armour         | |  3.2
Shields        | |  3.2

Action                   || total
-------------------------++-------
Melee: Flail             ||    76
  Use: Potion            ||     1
Armor: Scale mail        ||    36
Dodge: Dodged            ||    45
Block: Buckler           ||    12

Table legend: (Time is in decaauts)
 A = Elapsed time spent in this place.
 B = Non-inter-level travel time spent in this place.
 C = Inter-level travel time spent in this place.
 D = Time resting spent in this place.
 E = Time spent auto-exploring this place.
 F = Levels seen in this place.
 G = Mean time per level.
                   A        B        C        D        E       F      G
               +--------+--------+--------+--------+--------+-----+--------+
         Total |   1522 |   1508 |     14 |      0 |   1325 |   2 |  761.0 |
       Dungeon |   1522 |   1508 |     14 |      0 |   1325 |   2 |  761.0 |
               +--------+--------+--------+--------+--------+-----+--------+

Top non-repeatable levels by time:
     D:1: 1478 daAuts
     D:2: 44 daAuts
